 Dungeon Crawl Stone Soup version 0.23-a0-407-g92528d7 (webtiles) character file.

23650 Bacchus the Basher (level 12, -6/110 HPs)
             Began as a Minotaur Monk on Nov 7, 2018.
             Was a Follower of Uskayaw.
             Mangled by an eight-headed hydra (7 damage)
             ... on level 6 of the Lair of Beasts.
             The game lasted 01:43:03 (14814 turns).

Bacchus the Basher (Minotaur Monk)                 Turns: 14814, Time: 01:43:04

Health: -6/110     AC: 18    Str: 21    XL:     12   Next: 73%
Magic:  0/18       EV: 10    Int:  7    God:    Uskayaw [*.....]
Gold:   731        SH:  0    Dex: 13    Spells: 11/11 levels left

rFire    . . .     SeeInvis .   a - +2 flail (crush)
rCold    + . .     Gourm    .   (no shield)
rNeg     . . .     Faith    .   F - +0 plate armour
rPois    .         Spirit   +   (helmet restricted)
rElec    .         Reflect  .   v - scarf {repulsion}
rCorr    .         Harm     .   A - +0 pair of gloves
MR       .....                  E - +0 pair of boots
Stlth    ..........             P - amulet of guardian spirit {Spirit}
HPRegen  0.28/turn              (no ring)
MPRegen  0.16/turn              t - ring of protection from cold {rC+, !d}

@: about to teleport, slowed, repel missiles, very slow
A: retaliatory headbutt, horns 2
a: Stomp, Renounce Religion


You were on level 6 of the Lair of Beasts.
You worshipped Uskayaw.
Uskayaw was aware of your devotion.
You were not hungry.

You visited 3 branches of the dungeon, and saw 15 of its levels.

You collected 731 gold pieces.

Inventory:

Hand Weapons
 a - a +2 flail of crushing (weapon)
   (You took it off an orc on level 6 of the Dungeon)
 b - a +0 shortbow
   (You took it off a centaur on level 5 of the Dungeon)
 I - a +0 morningstar
   (You took it off an orc on level 6 of the Dungeon)
 N - the +5 spear of Innocence {pierce, rElec rF- rC+}
   (You found it on level 7 of the Dungeon)

   It inflicts extra damage upon your enemies.
   It makes you vulnerable to fire.
   It protects you from cold.
   It insulates you from electricity.
Missiles
 k - 241 stones
 r - 230 arrows
 H - 2 throwing nets (quivered) {=f, !d}
Armour
 v - a scarf of repulsion (worn)
   (You found it on level 2 of the Dungeon)
 A - a +0 pair of gloves (worn)
   (You found it on level 4 of the Dungeon)
 E - a +0 pair of boots (worn)
   (You found it on level 5 of the Dungeon)
 F - a +0 plate armour (worn)
   (You found it on level 5 of the Dungeon)
Jewellery
 p - an uncursed ring of positive energy {rN+}
   (You found it on level 1 of the Dungeon)
 t - a ring of protection from cold (right hand) {rC+, !d}
   (You took it off a goblin on level 2 of the Dungeon)
 P - an amulet of guardian spirit (around neck) {Spirit}
   (You found it on level 1 of the Lair of Beasts)
Wands
 g - a wand of iceblast (3)
   (You found it on level 6 of the Dungeon)
 m - a wand of paralysis (3)
   (You found it on level 7 of the Dungeon)
 x - a wand of enslavement (9)
   (You found it on level 3 of the Lair of Beasts)
 y - a wand of disintegration (27)
   (You found it on level 3 of the Lair of Beasts)
 O - a wand of flame (11)
   (You found it on level 8 of the Dungeon)
Scrolls
 e - 2 scrolls of enchant armour
 n - 2 scrolls of blinking {!r}
 s - a scroll of identify
 w - 3 scrolls of immolation {!r}
 z - 6 scrolls of teleportation
 C - 2 scrolls of enchant weapon
 G - 2 scrolls of remove curse
Potions
 c - a potion of brilliance
 d - a potion of cancellation
 f - 3 potions of heal wounds
 h - 2 potions of ambrosia
 i - a potion of resistance
 j - 3 potions of mutation {!q}
 o - 4 potions of curing
 q - a potion of invisibility
 u - 4 potions of haste
 B - 2 potions of flight
Comestibles
 l - 32 rations
 D - a chunk of flesh {@w0}


   Skills:
 + Level 11.3 Fighting
 - Level 14.0 Maces & Flails
 - Level 12.0 Armour
 - Level 8.1 Dodging
 - Level 1.5 Stealth
 - Level 10.0 Invocations


You had 11 spell levels left.
You didn't know any spells.
Your spell library contained the following spells:

 Spells                   Type           Power        Failure   Level  Hunger
 Confusing Touch          Hex            #.....       99%         1    ##.....
 Confuse                  Hex            #.......     100%        3    ####...
 Gell's Gravitas          Tloc           #.........   100%        3    ####...
 Petrify                  Tmut/Erth      #.......     100%        4    #####..
 Metabolic Englaciation   Hex/Ice        #.........   100%        5    ######.
 Yara's Violent Unravell  Hex/Tmut       #.........   100%        5    ######.


Dungeon Overview and Level Annotations

Branches:
Dungeon (8/15)             Temple (1/1) D:5            Lair (6/6) D:8
 Shoals (0/4) Lair:3        Snake (0/4) Lair:3        Slime (0/5) Lair:5

Altars:
Ashenzari
Dithmenos
Elyvilon
Fedhas
Gozag
Kikubaaqudgha
Makhleb
Nemelex Xobeh
Okawaru
Qazlal
Ru
Sif Muna
Trog
Uskayaw
Vehumet
Wu Jian
Xom
Zin
Jiyva

Shops:
D:8 }

Annotations:
Lair:1 exclusion: oklob plant
Lair:3 1 runed door, AymanAU's ghost, journeyman MiFi


Innate Abilities, Weirdness & Mutations

You reflexively headbutt those who attack you in melee.
You have a pair of horns on your head.


Message History

Firing (i - inventory. (/) - cycle)
r - 229 arrows (quivered)
Aim: a crocodile You shoot an arrow.
The arrow closely misses the crocodile.
Firing (i - inventory. (/) - cycle)
r - 228 arrows (quivered)
Aim: a crocodile You shoot an arrow.
The arrow closely misses the crocodile.
Firing (i - inventory. (/) - cycle)
r - 227 arrows (quivered)
Aim: a crocodile You shoot an arrow.
The arrow barely misses the crocodile.
The crocodile bites you.
You take 2 damage, and have 87/110 hp.
You now have 17/18 mp.
a - a +2 flail of crushing (weapon)
Unknown command.
You hit the crocodile. The crocodile barely misses you.
You furiously retaliate!
You headbutt the crocodile, but do no damage.
You barely miss the crocodile. You headbutt the crocodile.
You sock the crocodile! Your headbutt misses the crocodile.
The crocodile bites you.
You closely miss the crocodile.
The crocodile bites you but does no damage.
You thump the crocodile!
You kill the crocodile!
No target in view!
No target in view!
b - a +0 shortbow (weapon)
Unknown command.
r - 227 arrows (gained 1)
r - 228 arrows (gained 1)
r - 229 arrows (gained 1)
r - 230 arrows (gained 1)
You see here a war axe.
You see here 3 tomahawks. 2 dream sheep come into view.
The dream sheep bleats! x2; You hear a bleat!
You hear a croak.
An eight-headed hydra comes into view.
A death yak comes into view.
You regained 7 hp, and now have 94/110 hp.
MP restored: 18
Enter note: Oh hell no.
The eight-headed hydra roars!
A torpor snail comes into view.
Being near the torpor snail leaves you feeling lethargic.
The dream sheep ruffle their wool and motes of dream dust sparkle, to no
a - a +2 flail of crushing (weapon)
Unknown command.
The torpor snail bites you but does no damage.
You hit the torpor snail but do no damage.
You hit the torpor snail. You headbutt the torpor snail.
The torpor snail barely misses you.
You hit the torpor snail but do no damage.
The torpor snail bites you!
You take 7 damage, and have 90/110 hp.
You now have 16/18 mp.
You stomp with the beat, sending a shockwave through the revelers around you!
You feel somewhat more hungry.
You can no longer stomp with the beat.
The eight-headed hydra bites you but does no damage.
The eight-headed hydra barely misses you.
The eight-headed hydra bites you!
The eight-headed hydra barely misses you.
The eight-headed hydra bites you but does no damage. x2
The eight-headed hydra barely misses you.
The eight-headed hydra bites you.
The dream sheep shake their wool and sparkle.
You feel drowsy...
You fall asleep.
The torpor snail barely misses you.
You can now stomp with the beat.
The eight-headed hydra bites you!
You wake up.
The eight-headed hydra bites you! The eight-headed hydra misses you.
The eight-headed hydra bites you.
The eight-headed hydra bites you but does no damage.
The eight-headed hydra misses you. The eight-headed hydra bites you! x2
Some of the chunks of flesh in your inventory have rotted away.
You take 54 damage, and have 36/110 hp.
MASSIVE DAMAGE!!
You now have 6/18 mp.
As you read the scroll of teleportation, it crumbles to dust.
You feel strangely unstable.
The eight-headed hydra bites you but does no damage. x2
The eight-headed hydra barely misses you.
The eight-headed hydra bites you but does no damage.
The eight-headed hydra bites you!
* * * LOW HITPOINT WARNING * * *
The eight-headed hydra bites you.
* * * LOW HITPOINT WARNING * * *
The eight-headed hydra bites you!
* * * LOW HITPOINT WARNING * * *
The eight-headed hydra bites you but does no damage.
The torpor snail bites you.
* * * LOW HITPOINT WARNING * * *
The eight-headed hydra bites you but does no damage.
The eight-headed hydra closely misses you. x2
The eight-headed hydra bites you but does no damage.
The eight-headed hydra bites you!
* * * LOW HITPOINT WARNING * * *
The eight-headed hydra bites you.
* * * LOW HITPOINT WARNING * * *
The eight-headed hydra bites you.
* * * LOW HITPOINT WARNING * * *
The eight-headed hydra bites you!
You die...

#....#.#P#
#..##....#
......####
##P##....#
...P.##
#####...#
......# #...#
..#.### # #
####...##
.###.#
..#$#.......#
#.####
...........(#
###
........DY..#
......w@#...##
..#.####..Y..#
# ####..## ..Y
#....###.....
##.......8...
.##.....
##....Y.....
.#......
#..$....8..
......#
#DP..Y.....
.....P##
...#..8....


You could see an eight-headed hydra, a torpor snail and 2 dream sheep.

Vanquished Creatures
  Harold (D:7)
  3 hydras
  A death yak (Lair:5)
  4 elephants (Lair:5)
  4 black mambas
  A torpor snail (Lair:5)
  5 spiny frogs
  A rime drake (Lair:5)
  5 komodo dragons
  A polar bear (Lair:6)
  3 blink frogs (Lair:6)
  4 dream sheep (Lair:6)
  9 hippogriffs
  20 yaks
  4 basilisks
  17 water moccasins
  12 porcupines
  An orc warrior (D:7)
  A phantom (D:6)
  A hornet zombie (D:7)
  2 black bears
  A necrophage (D:6)
  3 ogres
  4 centaurs
  4 wolves (Lair:1)
  8 crocodiles
  27 bullfrogs
  3 killer bees (D:7)
  A wight (D:7)
  An electric eel (Lair:1)
  3 centaur zombies (D:7)
  A crimson imp (D:8)
  A hound (D:5)
  A jelly (D:5)
  3 bullfrog skeletons
  2 orc priests
  5 orc wizards
  An iguana (D:6)
  7 worker ants
  2 hound skeletons
  A mummy (D:7)
  7 gnolls
  13 adders
  A shadow imp (D:8)
  3 oozes
  An adder zombie (D:7)
  An adder skeleton (D:8)
  5 worms
  A dart slug (D:1)
  7 leopard geckos
  43 orcs
  4 giant cockroaches
  3 hobgoblins
  22 jackals
  A quokka (D:4)
  4 ball pythons (Lair:3)
  7 bats
  4 frilled lizards
  4 goblins
  7 kobolds
  A leopard gecko skeleton (D:8)
  A quokka zombie (D:5)
  6 rats
325 creatures vanquished.

Vanquished Creatures (others)
  23 fungi
  6 plants
29 creatures vanquished.

Grand Total: 354 creatures vanquished

Notes
Turn   | Place    | Note
-------+----------+-------------------------------------------
     0 | D:1      | Bacchus the Minotaur Monk began the quest for the Orb.
     0 | D:1      | Reached XP level 1. HP: 19/19 MP: 0/0
     0 | D:1      | Bacchus: No more fucking around.
    26 | D:1      | Toan: srs face activated
    65 | D:1      | Reached skill level 4 in Maces & Flails
   163 | D:1      | Reached XP level 2. HP: 26/26 MP: 1/1
   313 | D:1      | Reached skill level 5 in Maces & Flails
   675 | D:2      | Reached XP level 3. HP: 31/31 MP: 2/2
   907 | D:2      | Jerk
  1303 | D:3      | Found a sacrificial altar of Ru.
  1304 | D:3      | Bacchus: Oh dear.
  1304 | D:3      | Bacchus: Ru is really good.
  1318 | D:3      | Reached skill level 6 in Maces & Flails
  1318 | D:3      | Reached XP level 4. HP: 33/39 MP: 3/3
  1387 | D:3      | Toan: do it
  1388 | D:3      | Toan: with great power comes great...
  1388 | D:3      | Toan: irresponsibility
  1388 | D:3      | Bacchus: Not sure I want to do Ru.
  1388 | D:3      | Bacchus: ??Ru
  1388 | D:3      | beem: ru[1/8]: Ru grants great power to adherents who
                  | renounce the world by making sacrifices. Worshippers are
                  | periodically offered a choice of three sacrifices, and gain
                  | piety for accepting one of them. The offers are refreshed
                  | more slowly if you ignore them, more quickly with faith.
                  | Removing faith causes the next sacrifice to be delayed with
                  | no piety loss.
  1402 | D:3      | Stop drinking my damn potions.
  1425 | D:3      | HP: 9/39 [something (4)]
  1808 | D:3      | Bacchus: Thinking.
  1808 | D:3      | Bacchus: I've won with Ru.
  2706 | D:4      | Bacchus: ??Ru
  2706 | D:4      | beem: ru[1/8]: Ru grants great power to adherents who
                  | renounce the world by making sacrifices. Worshippers are
                  | periodically offered a choice of three sacrifices, and gain
                  | piety for accepting one of them. The offers are refreshed
                  | more slowly if you ignore them, more quickly with faith.
                  | Removing faith causes the next sacrifice to be delayed with
                  | no piety loss.
  2706 | D:4      | Bacchus: ??ru reasons
  2706 | D:4      | beem: ru reasons[1/13]: You redirect the deep elf
                  | sorcerer's attack! The deep elf sorcerer mumbles some
                  | strange words. The deep elf sorcerer is devoured by a tear
                  | in reality.
  2706 | D:4      | Toan: haha
  2706 | D:4      | Toan: that's awesome
  2706 | D:4      | Bacchus: ??ru[2
  2706 | D:4      | beem: ru[2/8]: Granted powers: 1* Aura of Power: Attacking
                  | enemies falter and/or attack themselves or other enemies.
                  | 2* Aura of Power: Enemies that damage you can receive
                  | statuses. 3* {Draw Out Power}: restore health and mana. 4*
                  | {Power Leap}: jump three tiles and explode at destination.
                  | 5* {Apocalypse}: deal huge damage and inflict statuses to
                  | everything on screen. All powers scale with piety.
  2706 | D:4      | Bacchus: It's really tempting, even though the choices are
                  | hard.
  2845 | D:4      | Reached skill level 7 in Maces & Flails
  2845 | D:4      | Reached XP level 5. HP: 30/45 MP: 4/4
  3229 | D:4      | Toan: yea but you can put blinders on
  3270 | D:4      | Bacchus: I'm playing a minotaur. The blinders are already
                  | on.
  3278 | D:4      | Reached skill level 8 in Maces & Flails
  3320 | D:4      | Toan: :P
  3339 | D:4      | Goodie
  3394 | D:4      | Got a slimy leather armour
  3894 | D:5      | Entered Level 5 of the Dungeon
  3894 | D:5      | Found a radiant altar of Vehumet.
  3894 | D:5      | Found a staircase to the Ecumenical Temple.
  3906 | D:5      | Noticed a centaur
  3908 | D:5      | shit
  3917 | D:5      | Killed a centaur
  3917 | D:5      | Reached skill level 2 in Armour
  3917 | D:5      | Reached XP level 6. HP: 35/51 MP: 5/5
  3953 | D:5      | Reached skill level 4 in Armour
  3979 | D:5      | Toan: Hope for Jivya altar ;)
  3980 | Temple   | Entered the Ecumenical Temple
  4032 | Temple   | Bacchus: ??wu jian council
  4032 | Temple   | beem: wu jian[1/7]: WJC is a god based on mobile melee
                  | combat, offering strong incentives to fight groups of
                  | enemies in the open. It provides melee characters with a
                  | strong but relatively flat power increase in the form of
                  | special attacks triggered by moving, and offers effective
                  | positioning tools to hybrids and ranged characters.
  4032 | Temple   | Bacchus: I've not really tried any of the newish gods.
  4032 | Temple   | Toan: is Wujian new?
  4032 | Temple   | Bacchus: Relatively.
  4032 | Temple   | Toan: I've not played Wu Jian
  4032 | Temple   | Bacchus: Like 0.19 or 0.20.
  4032 | Temple   | Toan: but I assume it's perfect for spriggans
  4032 | Temple   | Bacchus: Uskawank & Hep are also pretty new.
  4039 | Temple   | Toan: oh really?
  4039 | Temple   | Bacchus: Like 0.18 or 0.19.
  4039 | Temple   | Became a worshipper of Uskayaw the Reveler
  4039 | Temple   | Reached * piety under Uskayaw
  4040 | Temple   | Toan: Uska could be fun for you.
  4066 | D:5      | Toan: I don't like it much, but that's because it's so damn
                  | fiddly
  4066 | D:5      | Toan: having said that, Monk was a bad start for Uska
  4066 | D:5      | Bacchus: True.
  4066 | D:5      | Bacchus: Well, I wanted to play a character I hadn't
                  | before.
  4066 | D:5      | Toan: nah, it's just unlucky
  4066 | D:5      | Toan: I'm not taking a dig
  4128 | D:5      | Reached skill level 4 in Fighting
  4183 | D:5      | Reached ** piety under Uskayaw
  4203 | D:5      | Reached skill level 5 in Fighting
  4203 | D:5      | Reached XP level 7. HP: 22/61 MP: 2/6
  4743 | D:5      | Reached skill level 6 in Fighting
  4756 | D:6      | Reached skill level 7 in Fighting
  4821 | D:6      | Noticed a yak
  4821 | D:6      | Noticed a yak
  4821 | D:6      | Noticed a yak
  4823 | D:6      | Noticed a yak
  4842 | D:5      | Killed a yak
  4849 | D:6      | shit
  4851 | D:5      | HP: 15/67 [yak (7)]
  5109 | D:4      | Killed a yak
  5109 | D:4      | Reached skill level 8 in Fighting
  5109 | D:4      | Reached XP level 8. HP: 45/75 MP: 7/7
  5245 | D:5      | Toan: you lived
  5247 | D:4      | Toan: minotaur OP
  5261 | D:4      | HP: 18/75 [yak (6)]
  5262 | D:4      | god damn it
  5263 | D:4      | Reached skill level 4 in Dodging
  5267 | D:4      | HP: 10/75 [yak (9)]
  5268 | D:4      | Reached skill level 5 in Dodging
  5599 | D:5      | Bacchus: Yeah.
  5658 | D:6      | Reached skill level 6 in Dodging
  5663 | D:6      | Reached *** piety under Uskayaw
  5664 | D:6      | Bacchus: That's pretty cool.
  5671 | D:6      | Reached **** piety under Uskayaw
  5713 | D:6      | Toan: haha
  5726 | D:6      | Reached skill level 7 in Dodging
  5850 | D:6      | Reached skill level 8 in Dodging
  5856 | D:6      | Reached XP level 9. HP: 63/82 MP: 8/8
  5859 | D:6      | Reached skill level 9 in Fighting
  5863 | D:6      | Bacchus: Okay so I could benefit from a little invocations.
  5872 | D:6      | Toan: Uska definitely wants Invo
  6033 | D:6      | Identified the +2 leather armour of Yliy {rElec Str+3
                  | Dex-5} (You found it on level 4 of the Dungeon)
  6277 | D:7      | bleh
  6468 | D:7      | Reached skill level 10 in Fighting
  6607 | D:7      | Reached skill level 1 in Invocations
  6848 | D:7      | Got a faintly glowing spear
  6868 | D:7      | Reached skill level 2 in Invocations
  7014 | D:7      | Noticed Harold
  7014 | D:7      | Bacchus: Ugh Harold.
  7018 | D:7      | Toan: heh. just have RMsl and he nets himself
  7018 | D:7      | Toan: ;)
  7052 | D:7      | Killed Harold
  7052 | D:7      | Reached skill level 9 in Maces & Flails
  7052 | D:7      | Reached skill level 4 in Invocations
  7053 | D:7      | Bwaha!
  7053 | D:7      | Take that, faggot!
  7057 | D:7      | Toan: stomp stomp stomp heh
  7060 | D:7      | Bacchus: It's so vindicating.
  7060 | D:7      | Toan: I think honestly you should move into Axes, because
                  | Uska rewards risky shit like that
  7060 | D:7      | Bacchus: Now all I need are the boots of the assassin.
  7060 | D:7      | Toan: that too I guess
  7060 | D:7      | Bacchus: Axes are a newbie trap imo.
  7060 | D:7      | Toan: stabbing is great with uska
  7060 | D:7      | Toan: they are
  7060 | D:7      | Toan: but. Uska
  7090 | D:7      | Toan: you don't get enough piety by being relatively
                  | passive and taking opponents one at a time
  7091 | D:7      | Bacchus: This is my first time playing an Usk character.
  7091 | D:7      | Bacchus: Ever.
  7129 | D:7      | Toan: ah.
  7192 | D:8      | Bacchus: I'm also better than I play.
  7326 | D:8      | Found Ulun's Gadget Emporium.
  7337 | D:8      | Reached skill level 10 in Maces & Flails
  7340 | D:8      | Toan: it's cause I'm hexing you
  7342 | D:8      | Toan: C:
  7382 | D:8      | Reached skill level 5 in Invocations
  7382 | D:8      | Reached XP level 10. HP: 62/93 MP: 12/12
  7467 | D:8      | Bacchus: rofl
  7471 | D:8      | Toan: haha
  7476 | D:8      | Bacchus: I wanted to see whether Usk confusion would
                  | override berserk.
  7476 | D:8      | Bacchus: It did. =D
  7492 | D:8      | Toan: well yea. It's unblockable :P
  7498 | D:8      | Reached skill level 6 in Invocations
  7503 | D:8      | Found a staircase to the Lair.
  7565 | D:8      | Identified the +5 spear of Innocence {pierce, rElec rF-
                  | rC+} (You found it on level 7 of the Dungeon)
  7737 | D:8      | Reached skill level 7 in Invocations
  7891 | D:8      | Bacchus: I see.
  7892 | Lair:1   | Entered Level 1 of the Lair of Beasts
  7919 | Lair:1   | Toan: I think all of Uska's can't be blocked, so they're
                  | the definition of a high risk high reward god
  7994 | Lair:1   | Noticed an eight-headed hydra
  7995 | Lair:1   | Toan: hmmm
  7998 | Lair:1   | Bacchus: Hmmm.
  7998 | Lair:1   | Toan: what else in inventory?
  7998 | Lair:1   | Toan: if you back up, nail both with iceblast, then stomp
  7998 | Lair:1   | Toan: you could get them
  7998 | Lair:1   | Toan: what's your Invo?
  7998 | Lair:1   | Bacchus: Maybe the net.
  7998 | Lair:1   | Toan: hmm, yea, ok
  7999 | Lair:1   | Toan: so group them up, net hydra, blast ice
  8008 | Lair:1   | Killed an eight-headed hydra
  8008 | Lair:1   | Reached skill level 8 in Invocations
  8008 | Lair:1   | Noticed a spiny frog
  8011 | Lair:1   | Toan: awesome
  8016 | Lair:1   | Killed a spiny frog
  8016 | Lair:1   | Reached skill level 9 in Invocations
  8016 | Lair:1   | Reached ***** piety under Uskayaw
  8017 | Lair:1   | Bacchus: Okay I like this.
  8028 | Lair:1   | Toan: it's very good when you want to play slowly and
                  | consider all the ways you can blow groups up
  8028 | Lair:1   | Toan: not very good for o-tab
  8040 | Lair:1   | Toan: amulet of faith is also a very high priority on Uska
  8060 | Lair:1   | Noticed a spiny frog
  8083 | Lair:1   | Killed a spiny frog
  8112 | Lair:1   | Bacchus: ??stomp
  8112 | Lair:1   | beem: stomp[1/1]: Uskayaw * power. Damages all monsters
                  | around the player. Damage is monster_current_hp / 6 + 2d(2
                  | + Invo/2).
  8411 | Lair:1   | Reached skill level 10 in Invocations
  8412 | Lair:1   | Bacchus: Hmmmm.
  8422 | Lair:1   | Noticed an oklob plant
  8423 | Lair:1   | Bah
  8444 | Lair:1   | Noticed a spiny frog
  8451 | Lair:1   | HP: 13/93 [spiny frog (16)]
  8456 | Lair:1   | Killed a spiny frog
  8456 | Lair:1   | HP: 17/93 [poisoned by a spiny frog]
  8462 | Lair:1   | HP: 15/93 [poisoned by a spiny frog]
  8469 | Lair:1   | HP: 14/93 [poisoned by a spiny frog]
  8470 | Lair:1   | Dumb
  8472 | Lair:1   | Reached skill level 5 in Armour
  8476 | Lair:1   | HP: 11/93 [poisoned by a spiny frog]
  8479 | Lair:1   | Toan: yea. You can chainstomp things to death, but hmm
  8484 | Lair:1   | HP: 11/93 [poisoned by a spiny frog]
  8490 | Lair:1   | Reached XP level 11. HP: 45/99 MP: 10/17
  8753 | Lair:1   | Bacchus: Stupid spiny frogs.
  8773 | Lair:1   | Reached skill level 6 in Armour
  9425 | Lair:2   | Reached skill level 7 in Armour
  9440 | Lair:2   | HP: 24/99 [poisoned by a spiny frog]
  9445 | Lair:2   | HP: 22/99 [poisoned by a spiny frog]
  9451 | Lair:2   | HP: 20/99 [poisoned by a spiny frog]
  9457 | Lair:2   | HP: 20/99 [poisoned by a spiny frog]
  9465 | Lair:2   | HP: 20/99 [poisoned by a spiny frog]
  9494 | Lair:2   | Toan: they're a lot scarier than they look
  9496 | Lair:2   | Bacchus: Yeah.
  9496 | Lair:2   | Bacchus: Worst monster ever.
  9898 | Lair:2   | Reached skill level 8 in Armour
 10017 | Lair:2   | Noticed a four-headed hydra
 10033 | Lair:2   | Killed a four-headed hydra
 10033 | Lair:2   | Reached skill level 9 in Armour
 10137 | Lair:2   | Toan: lair is just a poison madhouse
 10264 | Lair:2   | Reached skill level 10 in Armour
 10866 | Lair:3   | Reached skill level 11 in Armour
 10882 | Lair:3   | Found a staircase to the Snake Pit.
 10884 | Lair:3   | Noticed a five-headed hydra
 10888 | Lair:3   | Bacchus: Bleh Snake.
 10890 | Lair:3   | Toan: hmmm
 10904 | Lair:3   | Killed a five-headed hydra
 11064 | Lair:3   | Found a runed door.
 11065 | Lair:3   | Noticed AymanAU's ghost (journeyman MiFi)
 11102 | Lair:3   | Found a staircase to the Shoals.
 11173 | Lair:3   | Reached skill level 12 in Armour
 11186 | Lair:3   | Bacchus: This is really cool.
 11263 | Lair:3   | Toan: you're making me want to try Uska again
 11280 | Lair:3   | Toan: now that I'm slightly wiser
 11282 | Lair:3   | Toan: and less blinders-y
 11375 | Lair:3   | Bacchus: You just have to play paranoid.
 11457 | Lair:3   | Toan: heh.
 11457 | Lair:3   | Toan: oh I know that guy
 11457 | Lair:3   | Toan: he loves playing reckless Beserkers of various
                  | flavors
 11471 | Lair:3   | Toan: he had like, a 50 game streak of KoBes, I think
 11474 | Lair:3   | Toan: but no wins
 11745 | Lair:4   | Bacchus: Hmmm.
 11808 | Lair:4   | Jesus.
 11814 | Lair:4   | Toan: WELL
 11816 | Lair:4   | Toan: oops
 11817 | Lair:4   | HP: 24/99 [poisoned by a black mamba]
 11822 | Lair:4   | HP: 19/99 [poisoned by a black mamba]
 11827 | Lair:4   | HP: 15/99 [poisoned by a black mamba]
 11832 | Lair:4   | HP: 14/99 [poisoned by a black mamba]
 11839 | Lair:4   | HP: 13/99 [poisoned by a black mamba]
 11846 | Lair:4   | HP: 12/99 [poisoned by a black mamba]
 11854 | Lair:4   | HP: 13/99 [poisoned by a black mamba]
 12186 | Lair:4   | Toan: sorry, I'm doing like, 2 other things while watching
                  | xD
 12186 | Lair:4   | Bacchus: Ha. It's cool.
 12295 | Lair:4   | Reached XP level 12. HP: 106/106 MP: 18/18
 12302 | Lair:4   | Gay.
 12303 | Lair:4   | Bacchus: The guy who put draining on amulets of harm needs
                  | a foot in the ass.
 12385 | Lair:4   | Reached skill level 11 in Maces & Flails
 12457 | Lair:4   | Identified a scroll of acquirement
 12459 | Lair:4   | Well, almost.
 12542 | Lair:4   | Toan: yea :/
 12675 | Lair:4   | Bacchus: If you acquire books when you don't have any magic
                  | skills, you'll get a manual.
 12686 | Lair:4   | Toan: wait what?
 12688 | Lair:4   | Toan: from scrolls?
 12689 | Lair:4   | Toan: that's kinda cool. though idk what manuals you'd want
 12689 | Lair:4   | Bacchus: Any combat related, or even stealth.
 12689 | Lair:4   | Toan: oh.
 12689 | Lair:4   | Toan: was that.. intentional?
 12689 | Lair:4   | Bacchus: Invo or Evo.
 12689 | Lair:4   | Bacchus: Yes.
 12689 | Lair:4   | Toan: why not armor?
 12689 | Lair:4   | Toan: or weapon, or jewel
 12689 | Lair:4   | Bacchus: Wanted to try for a manual.
 12689 | Lair:4   | Bacchus: No guarantees with any of the above.
 12953 | Lair:4   | Toan: true
 13404 | Lair:5   | Got a fine robe
 13426 | Lair:5   | Reached skill level 12 in Maces & Flails
 13457 | Lair:5   | Bleh
 13510 | Lair:5   | Toan: hmmm, Nemelex at its base is kinda boring, but the
                  | god powers are kinda neat
 13510 | Lair:5   | wonderful
 13510 | Lair:5   | Bacchus: Haven't played the newest version of Nemelex.
 13510 | Lair:5   | Bacchus: I won with him in like 0.16.
 13510 | Lair:5   | Toan: eh, it's the same as before, just not as whacky
 13510 | Lair:5   | Toan: streamlined decks, Invo instead of Evo
 13511 | Lair:5   | Toan: a lot more straightforward, combat oriented, instead
                  | of playing with yourself in the corner of the dungeon
 13514 | Lair:5   | Toan: whether that's better, idk
 13685 | Lair:5   | Noticed a death yak
 13694 | Lair:5   | Grrrrr
 13710 | Lair:5   | Reached skill level 13 in Maces & Flails
 13712 | Lair:5   | Killed a death yak
 13803 | Lair:5   | Toan: man, you're so patient, hahaha. I would have switched
                  | to axes long ago so I can yolo into crowds
 13806 | Lair:5   | Toan: probably would have died 2 XLs ago too
 13832 | Lair:5   | Bacchus: Ding ding ding
 13849 | Lair:5   | Toan: ?
 13872 | Lair:5   | Bacchus: The reason I don't do axes.
 13872 | Lair:5   | Toan: I should try a Uska Fireball thrower tbh
 13894 | Lair:5   | Toan: oh right, ha.
 14035 | Lair:5   | Found a viscous altar of Jiyva.
 14035 | Lair:5   | Found a staircase to the Slime Pits.
 14036 | Lair:5   | Toan: I've been playing a lot of polearms and it's just
                  | better than axes
 14084 | Lair:5   | Bacchus: Polearms are very very good.
 14092 | Lair:5   | Toan: added bonus of spectral weapon
 14142 | Lair:5   | Toan: but for nemelex, it's cause summons
 14388 | Lair:5   | Bacchus: Here we go, frog pond.
 14389 | Lair:6   | Entered Level 6 of the Lair of Beasts
 14389 | Lair:6   | Noticed a death yak
 14389 | Lair:6   | Noticed a death yak
 14389 | Lair:6   | Noticed a death yak
 14390 | Lair:6   | Vey.
 14390 | Lair:6   | Toan: with yaks of doom
 14390 | Lair:6   | Toan: inventory?
 14390 | Lair:6   | Bacchus: Just going to go back upstairs.
 14390 | Lair:6   | Toan: good plan
 14566 | Lair:6   | Reached skill level 14 in Maces & Flails
 14566 | Lair:6   | Toan: maaan, minotaur apts are ridiculous
 14566 | Lair:6   | Bacchus: They're made for brainless play &| newbies.
 14566 | Lair:6   | Bacchus: I guess either Fighting or Evo.
 14566 | Lair:6   | Bacchus: Eventually I'll train a bunch of Evocations, but
                  | don't really have many goodies yet.
 14566 | Lair:6   | Toan: heh
 14578 | Lair:6   | Toan: tbh, if I want to just o-tab, I play formicid because
                  | large shield bonus
 14581 | Lair:6   | Toan: also can use mighty 2-handers
 14581 | Lair:6   | Bacchus: You and those shields.
 14582 | Lair:6   | Toan: but mino has better apts
 14582 | Lair:6   | Toan: shields are great
 14595 | Lair:6   | Toan: you can't keep me from them unless you give me a
                  | small race
 14597 | Lair:6   | Toan: then I'm 2h all the way
 14607 | Lair:6   | Wake up, asshole.
 14611 | Lair:6   | Toan: formicid death holes are fun too
 14649 | Lair:6   | D'oh.
 14657 | Lair:6   | Reached skill level 11 in Fighting
 14800 | Lair:6   | Noticed an eight-headed hydra
 14800 | Lair:6   | Noticed a death yak
 14801 | Lair:6   | Oh hell no.
 14814 | Lair:6   | HP: 23/110 [eight-headed hydra (6)]
 14814 | Lair:6   | HP: 6/110 [eight-headed hydra (6)]
 14814 | Lair:6   | HP: 1/110 [eight-headed hydra (3)]
 14814 | Lair:6   | Mangled by an eight-headed hydra

Vault maps used:
D:1:      dpeg_arrival_tiny_i, minmay_tromino_v4_a
D:3:      wad_lake_hut, nicolae_ru_sacrificial_ziggurat
D:4:      first_ration
D:5:      fiery_altar_vehumet, minmay_temple_entry_junction_2, hex_tiny,
          minmay_liquid_box
D:7:      serial_undead, serial_undead_c, serial_undead_f, serial_undead_d,
          serial_undead_a, lightli_orcish_oven, uniq_harold
D:8:      due_lair_maze_entry_diamond, serial_shops, shop
Temple:   regret_index_temple_sigil_plot
Lair:1:   beast_lair_carwin_11, lemuel_fruit_tree, minmay_lair_oklob_chamber,
          infiniplex_staircase_pool
Lair:2:   grunt_megastairs_3
Lair:3:   elwin_shoals_entry_rocks, minmay_snake_entry_six_corridors,
          hellmonk_ghost_happy_afterlife
Lair:5:   dpeg_slime_entry_enclosed_altar, guppyfry_lair_drakes,
          grunt_megastairs_5
Lair:6:   evilmike_catoblepas_cave

Skill      XL: |  1  2  3  4  5  6  7  8  9 10 11 12 |
---------------+-------------------------------------+-----
Maces & Flails | 4 5 6 7 8 10 14 | 14.0
Armour         | 2 4 5 12 | 12.0
Fighting       | 5 8 10 11 | 11.3
Dodging        | 8 |  8.1
Invocations    | 5 10 | 10.0
Stealth        | |  1.5

Action                   |  1- 3 |  4- 6 |  7- 9 | 10-12 || total
-------------------------+-------+-------+-------+-------++-------
Melee: Mace              |    61 |       |       |       ||    61
       Headbutt          |    16 |    33 |    59 |   104 ||   212
       Dagger            |     9 |   132 |   209 |    60 ||   410
       Flail             |       |       |    60 |   421 ||   481
       Spear             |       |       |       |     3 ||     3
 Fire: Hunting sling     |    29 |    25 |    71 |    21 ||   146
       Shortbow          |       |    13 |    37 |   148 ||   198
Throw: Stone             |    43 |    20 |    28 |     7 ||    98
       Throwing net      |       |       |       |     7 ||     7
Invok: Line Pass         |       |     1 |     6 |    12 ||    19
       Stomp             |       |     1 |     5 |    31 ||    37
Evoke: Wand              |       |       |     2 |    11 ||    13
  Use: Scroll            |       |    10 |     3 |    18 ||    31
       Potion            |       |     2 |     3 |     7 ||    12
 Stab: Sleeping          |     1 |     1 |       |       ||     2
       Distracted        |     1 |       |       |       ||     1
       Paralysed         |       |       |    12 |    26 ||    38
       Held in net/web   |       |       |       |     4 ||     4
       Confused          |       |       |       |     1 ||     1
  Eat: Chunk             |     1 |     9 |    14 |    31 ||    55
Armor: Leather armour    |     8 |    17 |       |       ||    25
       Robe              |     2 |       |       |       ||     2
       Chain mail        |       |    22 |     2 |       ||    24
       Plate armour      |       |       |   177 |   308 ||   485
       Skin              |       |       |       |     3 ||     3
Dodge: Dodged            |    54 |    88 |   130 |   255 ||   527
       Deflected         |       |     2 |     5 |     1 ||     8

Table legend:
 A = Non-vault XP
 B = Vault XP
 C = Vault XP percentage of total XP
 D = Non-vault monster count
 E = Vault monster count
 F = Vault count percentage of total count
                 A         B        C        D         E       F
            +---------+---------+-------+---------+---------+-------
      Total |   27616 |    6171 |  18.3 |     276 |      49 |  15.1
            +---------+---------+-------+---------+---------+-------
        D:1 |      35 |       5 |  12.5 |      22 |       3 |  12.0
        D:2 |      45 |       0 |   0.0 |      12 |       0 |   0.0
        D:3 |      92 |       0 |   0.0 |      27 |       0 |   0.0
        D:4 |     793 |       0 |   0.0 |      19 |       0 |   0.0
        D:5 |     953 |       0 |   0.0 |      29 |       0 |   0.0
        D:6 |    1191 |       0 |   0.0 |      29 |       0 |   0.0
        D:7 |     393 |    1498 |  79.2 |      17 |      14 |  45.2
        D:8 |     674 |    1266 |  65.3 |      19 |      10 |  34.5
     Lair:1 |    4585 |     715 |  13.5 |      24 |       2 |   7.7
     Lair:2 |    4187 |     149 |   3.4 |      17 |       1 |   5.6
     Lair:3 |    2671 |    1581 |  37.2 |      10 |      17 |  63.0
     Lair:4 |    3374 |       0 |   0.0 |      15 |       0 |   0.0
     Lair:5 |    4522 |     957 |  17.5 |      18 |       2 |  10.0
     Lair:6 |    4101 |       0 |   0.0 |      18 |       0 |   0.0
            +---------+---------+-------+---------+---------+-------

Vault maps used:
D:1:      dpeg_arrival_tiny_i, minmay_tromino_v4_a
D:3:      wad_lake_hut, nicolae_ru_sacrificial_ziggurat
D:4:      first_ration
D:5:      fiery_altar_vehumet, minmay_temple_entry_junction_2, hex_tiny,
          minmay_liquid_box
D:7:      serial_undead, serial_undead_c, serial_undead_f, serial_undead_d,
          serial_undead_a, lightli_orcish_oven, uniq_harold
D:8:      due_lair_maze_entry_diamond, serial_shops, shop
Temple:   regret_index_temple_sigil_plot
Lair:1:   beast_lair_carwin_11, lemuel_fruit_tree, minmay_lair_oklob_chamber,
          infiniplex_staircase_pool
Lair:2:   grunt_megastairs_3
Lair:3:   elwin_shoals_entry_rocks, minmay_snake_entry_six_corridors,
          hellmonk_ghost_happy_afterlife
Lair:5:   dpeg_slime_entry_enclosed_altar, guppyfry_lair_drakes,
          grunt_megastairs_5
Lair:6:   evilmike_catoblepas_cave

Table legend:
 A = Turns spent in this place as a percentage of turns spent in the entire game.
 B = Non-inter-level travel turns spent in this place as a percentage of non-inter-level travel turns spent in the entire game.
 C = Inter-level travel turns spent in this place as a percentage of turns spent in this place.
 D = Turns resting spent in this place as a percentage of non-inter-level travel turns spent in this place.
 E = Turns spent auto-exploring this place as a percentage of non-inter-level travel turns spent in this place.
 F = Non-inter-level travel turns spent in this place divided by the number of levels of this place that you've seen.
                   A       B       C       D       E      F
               +-------+-------+-------+-------+-------+----------------------
         Total | 100.0 | 100.0 |   4.4 |  25.0 |  47.8 | 943.7
       Dungeon |  52.7 |  52.4 |   5.1 |  20.2 |  49.0 | 926.5
        Temple |   0.6 |   0.4 |  31.3 |   0.0 |  89.5 |  57.0
          Lair |  46.7 |  47.2 |   3.4 |  30.5 |  46.1 | 1114.3
               +-------+-------+-------+-------+-------+----------------------

Table legend:
 A = Kills in this place as a percentage of kills in entire the game.
 B = Kills by you in this place as a percentage of kills by you in the entire game.
 C = Kills by friends in this place as a percentage of kills by friends in the entire game.
 D = Other kills in this place as a percentage of other kills in the entire game.
 E = Experience gained in this place as a percentage of experience gained in the entire game.
 F = Experience gained in this place divided by the number of levels of this place that you have seen.
                   A       B       C       D       E      F
               +-------+-------+-------+-------+-------+----------------------
         Total | 100.0 | 100.0 |   N/A | 100.0 | 100.0 | 2252.5
       Dungeon |  61.8 |  61.7 |   N/A | 100.0 |  20.6 | 868.1
          Lair |  38.2 |  38.3 |   N/A |   0.0 |  79.4 | 4473.7
               +-------+-------+-------+-------+-------+----------------------
